 Dungeon Crawl Stone Soup version 0.29.1 (webtiles) character file.

Game seed: 15449713648903621445

326 greasedhog the Trooper (level 6, -1/40 HPs)
             Began as a Gargoyle Abyssal Knight on Sept 13, 2022.
             Was an Elder of Lugonu.
             Killed by divine providence
             ... invoked by an orc priest
              (13 damage)
             ... on level 4 of the Dungeon.
             The game lasted 00:04:14 (4217 turns).

greasedhog the Trooper (Gargoyle Abyssal Knight)    Turns: 4217, Time: 00:04:15

Health: -1/40      AC: 14    Str: 15 (18) XL:     6   Next: 49%
Magic:  7/7        EV:  6    Int:  7 (9)  God:    Lugonu [****..]
Gold:   189        SH:  0    Dex: 12 (14) Spells: 5/5 levels left

rFire   . . .      SeeInvis +   a - +2 flail (protect)
rCold   + . .      Faith    .   (no shield)
rNeg    + . .      Spirit   .   e - +3 scale mail {rC+}
rPois   ∞          Reflect  .   (no helmet)
rElec   +          Harm     .   (no cloak)
rCorr   +          Rampage  .   (no gloves)
Will    .....                   (no boots)
Stlth   ..........              (no amulet)
HPRegen 0.13/turn               c - ring of resist corrosion
MPRegen 0.10/turn               (no ring)

@: constricted
A: sickness immunity, AC +4, negative energy resistance 1, electricity
resistance, torment resistance 1, petrification resistance, see invisible, agile
1, MP-powered wands
a: Renounce Religion, Depart the Abyss, Bend Space, Banish, Corrupt


You were on level 4 of the Dungeon.
You worshipped Lugonu.
Lugonu was greatly pleased with you.
You visited 1 branch of the dungeon, and saw 4 of its levels.
You visited the Abyss 1 time.

You collected 189 gold pieces.

Inventory:

Hand Weapons
 a - a +2 flail of protection (weapon)
Armour
 e - a +3 scale mail of cold resistance (worn)
Jewellery
 c - a ring of resist corrosion (left hand)
Scrolls
 g - a scroll of teleportation
 h - a scroll of summoning
 i - a scroll of fog
 j - a scroll of fear {unknown}
 l - 2 scrolls of magic mapping
 m - a scroll of immolation {unknown}
 o - 2 scrolls of vulnerability
Potions
 b - a potion of mutation
 d - a potion of curing
 f - a potion of flight
 k - a potion of heal wounds


   Skills:
 - Level 5.0 Fighting
 * Level 4.9 Maces & Flails
 * Level 3.8 Armour
 - Level 0.7 Dodging
 - Level 2.0 Invocations


You had 5 spell levels left.
You didn't know any spells.
Your spell library contained the following spells:

 Spells                   Type           Power      Damage    Failure   Level
 Gell's Gravitas          Tloc           0%         N/A       99%         3
 Lesser Beckoning         Tloc           0%         N/A       99%         3
 Ozocubu's Armour         Ice            0%         N/A       99%         3
 Teleport Other           Tloc           0%         N/A       99%         3
 Metabolic Englaciation   Hex/Ice        0%         N/A       100%        5
 Simulacrum               Ice/Necr       0%         N/A       100%        6


Dungeon Overview and Level Annotations

Branches:
Dungeon (4/15)
 Temple: D:4-7

Altars:
Makhleb
Wu Jian
Xom

Shops:
D:1 :

Annotations:
D:3 1 runed translucent door, Crazy Yiuf


Innate Abilities, Weirdness & Mutations

You are immune to sickness and miasma.
Your stone body is resilient. (AC +4)
You are immune to poison.
You resist negative energy. (rN+)
You are resistant to electric shocks. (rElec)
You are resistant to unholy torment.
You are immune to petrification.
You have supernaturally acute eyesight. (SInv)
You are agile. (Dex +4, Str/Int -1)
You expend magic power (3 MP) to strengthen your wands.


Message History

You are confused.
The orc priest mumbles some strange prayers to Beogh against you.
Beogh smites you!
You barely miss the orc priest. The orc priest hits you with a +0 club.
You barely miss the orc priest.
The orc priest hits you but does no damage.
You sock the orc priest!
The orc priest is severely wounded.
The orc wizard casts a spell at you.
The magic dart hits you but does no damage.
The orc priest looks braver for a moment.
The orc hits you but does no damage.
The orc priest hits you but does no damage. x2
You're too confused to move!
The ball python bites you but does no damage.
The ball python grabs you. The ball python constricts you.
The orc hits you but does no damage.
The orc priest calls down the wrath of Beogh upon you.
Beogh smites you!
The orc priest hits you but does no damage.
You barely miss the orc wizard.
You feel less confused.
The ball python bites you but does no damage.
The ball python constricts you.
The ball python bites you but does no damage.
The ball python constricts you. The orc hits you but does no damage.
The orc priest hits you but does no damage.
The orc wizard casts a spell at you.
The magic dart hits you but does no damage.
The orc priest hits you but does no damage.
You barely miss the orc priest.
The orc priest is severely wounded.
The ball python barely misses you. The ball python constricts you.
The orc hits you with a +0 hand axe.
The orc priest hits you with a +0 morningstar.
* * * LOW HITPOINT WARNING * * *
The orc wizard closely misses you.
The orc priest calls down the wrath of Beogh upon you.
Beogh smites you!
You die...

#.......# #.......#
#.........
#......|##
#........
..<......#
#.......#
.........#
#.......###
.........#
#......#...
.........#
#........
........## #.oSo.#
........# #.o@o#
#.......#######..##
##.(............##
##............##
##..#.########.#
#..#### #.# ..##
... ..# .... ..#
#....#


You could see 2 orc priests, an orc wizard, an orc and a ball python.

Vanquished Creatures
  Blork the orc (D:4)
  Jessica (D:2)
  An orc wizard (D:2)
  Ijyb (D:3)
  Terence (D:2)
  3 gnolls (D:2)
  4 adders
  2 worms (D:3)
  8 orcs
  6 bats
  10 endoplasms
  4 giant cockroaches
  4 goblins
  5 hobgoblins
  4 jackals (D:2)
  3 quokkas (D:1)
  4 ball pythons
  7 kobolds
  9 rats
78 creatures vanquished.

Notes
Turn   | Place    | Note
-------+----------+-------------------------------------------
     0 | Abyss:1  | greasedhog the Gargoyle Abyssal Knight began the quest for
                  | the Orb.
     0 | Abyss:1  | Reached XP level 1. HP: 14/14 MP: 2/2
     1 | D:1      | Escaped the Abyss
   185 | D:1      | Reached XP level 2. HP: 19/19 MP: 3/3
   545 | D:1      | Found a faded altar of an unknown god.
   638 | D:1      | Found Nawoc Meblo's Book Boutique.
  1233 | D:2      | Noticed Terence
  1234 | D:2      | Gained mutation: You expend magic power (3 MP) to
                  | strengthen your wands. [potion of mutation]
  1234 | D:2      | Gained mutation: You have supernaturally acute eyesight.
                  | (SInv) [potion of mutation]
  1234 | D:2      | Gained mutation: You are agile. (Dex +4, Str/Int -1)
                  | [potion of mutation]
  1245 | D:2      | Killed Terence
  1246 | D:2      | Reached skill level 4 in Fighting
  1246 | D:2      | Reached XP level 3. HP: 5/24 MP: 4/4
  1617 | D:2      | Reached *** piety under Lugonu
  1621 | D:2      | Reached XP level 4. HP: 30/30 MP: 5/5
  2422 | D:2      | Noticed Jessica
  2442 | D:2      | Killed Jessica
  2443 | D:2      | Reached skill level 5 in Fighting
  2443 | D:2      | Reached XP level 5. HP: 28/35 MP: 6/6
  3180 | D:3      | Reached **** piety under Lugonu
  3243 | D:3      | Found a runed translucent door.
  3244 | D:3      | Noticed Crazy Yiuf
  3416 | D:3      | Noticed Ijyb
  3426 | D:3      | Paralysed by Ijyb for 3 turns
  3430 | D:3      | Paralysed by Ijyb for 3 turns
  3434 | D:3      | Paralysed by Ijyb for 2 turns
  3441 | D:3      | Paralysed by Ijyb for 4 turns
  3450 | D:3      | Killed Ijyb
  3451 | D:3      | Reached XP level 6. HP: 29/40 MP: 7/7
  3853 | D:4      | Found an ornate altar of the Wu Jian Council.
  3855 | D:4      | Found a shimmering altar of Xom.
  3857 | D:4      | Found a burning altar of Makhleb.
  4013 | D:4      | Noticed Blork the orc
  4028 | D:4      | Killed Blork the orc
  4217 | D:4      | Killed from afar by an orc priest

Illustrated notes

Levels and vault maps discovered:
D:1:      spicycebolla_arrival_xxxplode, layout_loops_corners, serial_shops,
          nicolae_shop_temple_entry_statues_fountains,
          hellmonk_ecumenical_altar_arch_garden, minivault_27, nicolae_titane
D:2:      layout_loops_cross, uniq_terence, uniq_jessica
D:3:      layout_basic, minmay_unequal, uniq_crazy_yiuf_cottage, uniq_ijyb
D:4:      layout_cave_pods, led_sif_book, grunt_temple_overflow_open,
          minmay_temple_entry_ruins, nicolae_concentric_dashed_squares_mild,
          dk_rats_in_the_wall, uniq_blork_the_orc

Skill      XL: |  1  2  3  4  5 |
---------------+----------------+-----
Fighting       | 4 5 |  5.0
Maces & Flails | 3 4 |  4.9
Armour         | 3 |  3.8
Dodging        | |  0.7
Invocations    | |  2.0

Action                   |  1- 3 |  4- 6 || total
-------------------------+-------+-------++-------
Melee: Mace              |    68 |    94 ||   162
       Flail             |       |   114 ||   114
       Punch             |       |     2 ||     2
  Use: Potion            |     2 |     3 ||     5
       Scroll            |       |     6 ||     6
Armor: Leather armour    |     4 |       ||     4
       Ring mail         |    15 |       ||    15
       Scale mail        |    14 |   143 ||   157
Dodge: Dodged            |    29 |   135 ||   164
